AoeStats
← OGMudbone69

Black Forest

506401921Analyzed
2v2 RM · 18d ago on Sep 13, 2026· 54m 37s· 4 players
Game mode
Random Map
Map size
Medium (4 player)
Population
200
Speed
Normal
Resources
Standard
Victory
Conquest
Starting age
Dark Age
Ending age
Imperial Age
RankedLock teamsTeams togetherTeam positionsShared explorationLock speedFull tech treeHidden civsTurbo modeCheats
Victory
Defeat
🇸🇰 Aztecs · Slovakia
632
+20
🇸🇰 Teutons · Slovakia
631
+20
🇺🇸 Persians · United States
803
-24
🇺🇸 Huns · United States
625
-16
OGMudbone69
0:37 Loom
13:11 Feudal Age
20:35 Castle Age
18:51 Double-Bit Axe
22:46 Bow Saw
25:53 Horse Collar
30:13 Heavy Plow
34:21 Imperial Age
31:53 Fishing Lines
33:04 Wheelbarrow
33:43 Scale Barding Armor
33:50 Forging
33:56 Masonry
33:46 Murder Holes
34:22 Squires
34:15 Gillnets
35:51 Two-Man Saw
35:29 Hand Cart
36:53 Gold Mining
36:57 Stone Mining
36:39 Crossbowman
37:27 Thumb Ring
38:04 Caravan
38:47 Chain Barding Armor
39:04 Iron Casting
39:33 Chemistry
39:04 Architecture
39:31 Crop Rotation
39:40 Gold Shaft Mining
39:06 Pikeman
39:44 Elite War Elephant
40:41 Citadels
40:58 Kamandaran
41:12 Padded Archer Armor
41:03 Fletching
41:51 Plate Barding Armor
43:01 Stone Shaft Mining
43:26 Hoardings
43:30 Conscription
49:11 Leather Archer Armor
48:51 Bodkin Arrow
50:00 Blast Furnace
OGREwhelmedd
14:36 Feudal Age
15:04 Horse Collar
15:24 Man-at-Arms
15:51 Arson
16:30 Double-Bit Axe
20:59 Bloodlines
25:32 Castle Age
25:59 Gold Mining
25:59 Stone Mining
26:21 Husbandry
27:12 Heavy Plow
28:19 Bow Saw
32:34 Thumb Ring
34:22 Wheelbarrow
34:03 Town Watch
34:02 Crossbowman
35:47 Marauders
41:52 Imperial Age
41:15 Padded Archer Armor
41:22 Scale Barding Armor
41:10 Fletching
41:39 Forging
M4to
0:57 Loom
11:19 Feudal Age
11:41 Horse Collar
11:48 Double-Bit Axe
21:09 Castle Age
21:07 Scale Barding Armor
20:52 Fletching
23:49 Heavy Plow
24:02 Bow Saw
24:10 Caravan
30:41 Chain Barding Armor
30:17 Bodkin Arrow
31:21 Town Watch
32:12 Wheelbarrow
33:41 Town Patrol
33:57 Hand Cart
36:14 Imperial Age
34:12 Scale Mail Armor
34:13 Padded Archer Armor
34:50 Town Patrol
35:43 Ballistics
36:18 Chain Mail Armor
36:14 Forging
36:19 Leather Archer Armor
36:25 Hand Cart
36:37 Cavalier
39:17 Plate Barding Armor
39:12 Plate Mail Armor
39:18 Iron Casting
38:06 Elite Teutonic Knight
41:27 Chemistry
39:55 Paladin
44:12 Blast Furnace
43:43 Ring Archer Armor
clasik
0:33 Loom
13:34 Feudal Age
14:20 Double-Bit Axe
24:10 Castle Age
22:19 Horse Collar
25:32 Heavy Plow
27:44 Bow Saw
29:14 Scale Mail Armor
29:25 Forging
30:30 Gold Mining
32:27 Fishing Lines
36:46 Imperial Age
34:52 Wheelbarrow
34:36 Chain Mail Armor
34:57 Iron Casting
37:49 Garland Wars
38:07 Plate Mail Armor
38:00 Elite Jaguar Warrior
39:20 Capped Ram
41:37 Blast Furnace
54:57 Caravan
Connection lost

Rejoining the realm…

Still unreachable

The connection could not be restored.

Session expired

The server has moved on; the page needs a fresh start.